 Dungeon Crawl Stone Soup version 0.21.1-1-g345015f (webtiles) character file.

3787 troglodite the Shield-Bearer (level 9, -2/103 HPs)
             Began as a Demonspawn Berserker on Feb 28, 2018.
             Was a High Priest of Trog.
             Slain by a gargoyle
             ... wielding a +0 morningstar
              (13 damage)
             ... on level 7 of the Dungeon.
             The game lasted 00:30:56 (7742 turns).

troglodite the Shield-Bearer (Demonspawn Berserker) Turns: 7742, Time: 00:30:57

Health: -2/103     AC: 12    Str: 26    XL:     9   Next: 95%
Magic:  9/9        EV: 10    Int:  9    God:    Trog [*****.]
Gold:   29         SH: 17    Dex: 14    Spells: 8/8 levels left

rFire    + + .     SeeInvis .   s - +3 dagger (venom)
rCold    . . .     Gourm    .   g - +0 large shield {AC+3}
rNeg     . . .     Faith    .   D - +1 ring mail "Rukobapn" {rElec Str+2}
rPois    .         Spirit   .   (helmet restricted)
rElec    +         Reflect  .   (no cloak)
rCorr    .         Harm     .   (no gloves)
MR       .....                  (no boots)
Stlth    ..........             (no amulet)
HPRegen  0.27/turn              C - ring of protection from fire
MPRegen  0.11/turn              (no ring)

@: berserking (expiring), very quick
A: antennae 2, slimy green scales 1, fire resistance 1, powered by pain 2, flame
cloud immunity
a: Berserk, Trog's Hand, Brothers in Arms, Burn Spellbooks, Renounce Religion


You were on level 7 of the Dungeon.
You worshipped Trog.
Trog was extremely pleased with you.
You were very hungry.

You visited 1 branch of the dungeon, and saw 7 of its levels.

You collected 380 gold pieces.
You spent 351 gold pieces at shops.

Inventory:

Hand Weapons
 a - a +0 falchion
 s - a +3 dagger of venom (weapon)
Armour
 g - a +0 large shield of protection (worn)
 r - a +2 chain mail of fire resistance
 D - the +1 ring mail "Rukobapn" (worn) {rElec Str+2}
   (You bought it in a shop on level 5 of the Dungeon)

   It affects your strength (+2).
   It insulates you from electricity.
Jewellery
 C - a ring of protection from fire (left hand)
Wands
 d - a wand of flame (22)
 j - a wand of paralysis (12)
 m - a wand of polymorph (15)
 x - a wand of digging (10)
Scrolls
 b - a scroll of magic mapping {unknown}
 e - a scroll of random uselessness {unknown}
 f - a scroll of fear {unknown}
 i - 3 scrolls of remove curse
 n - 2 scrolls of enchant armour {unknown}
 o - a scroll of enchant weapon {unknown}
 p - 2 scrolls of identify
 t - 3 scrolls of fog {unknown}
 u - 5 scrolls of teleportation {unknown}
 v - 2 scrolls of amnesia {unknown}
Potions
 h - 4 potions of curing
 k - a potion of flight
 l - a potion of mutation
 q - 2 potions of heal wounds
 w - a potion of haste
 z - a potion of magic
 B - a potion of berserk rage
Comestibles
 c - 9 rations
 A - 4 chunks of flesh


   Skills:
 * Level 5.9 Fighting
 + Level 5.0(5.6) Short Blades
 + Level 3.6(4.9) Long Blades
 * Level 5.5 Armour
 * Level 5.3 Dodging
 + Level 0.1 Stealth
 * Level 7.8 Shields


You had 8 spell levels left.
You didn't know any spells.

Dungeon Overview and Level Annotations

Branches:
Dungeon (7/15)             Temple (0/1) D:6

Altars:
Dithmenos
Fedhas
Hepliaklqana
Kikubaaqudgha
Makhleb
Okawaru
Qazlal
Sif Muna
Zin
The Shining One

Shops:
D:5 *[   D:7 *


Innate Abilities, Weirdness & Mutations

You have a pair of antennae on your head.
You are partially covered in slimy green scales. (AC +2)
Your flesh is heat resistant. (rF+)
You sometimes gain power by taking damage.
You are immune to clouds of flame.


Message History

The gargoyle is severely damaged.
You block the gargoyle's attack.
You hit the gargoyle but do no damage.
The gargoyle is severely damaged.
The hound barely misses you. You block the worker ant's attack.
You block the hound's attack.
You hit the gargoyle but do no damage.
The gargoyle is severely damaged.
You block the worker ant's attack.
The gargoyle hurls a stone arrow at you.
The stone arrow hits you!
* * * LOW HITPOINT WARNING * * *
You hit the gargoyle but do no damage.
The gargoyle is severely damaged.
You block the hound's attack.
You puncture the gargoyle!
The gargoyle is almost destroyed.
You block the worker ant's attack. The hound bites you but does no damage.
The gargoyle hits you with a morningstar!
You die...

.. #.#..........#
#.###..##.####.###
...##..#.# #.#
#..##...####.# #.
#..##.......#
#..###..#..######
#$....#..#
#..ah...#
#(###@#..# #.9#..#
#..##..# ...# ...#
...# ...# #.##
..## ## ##


You could see a gargoyle, a hound and a worker ant.

Vanquished Creatures
  Pikel (D:7)
  A troll (D:7)
  2 hippogriffs (D:7)
  Menkaure (D:6)
  4 ogres
  An orc warrior (D:6)
  2 phantoms
  2 centaurs
  4 big kobolds
  A bullfrog (D:6)
  Blork the orc (D:6)
  A crimson imp (D:6)
  A jelly (D:5)
  An orc priest (D:5)
  A quasit (D:6)
  5 hounds
  A bullfrog zombie (D:7)
  An orc wizard (D:3)
  3 gnoll shamans (D:3)
  Terence (D:2)
  5 iguanas
  4 worker ants
  2 hound zombies
  Robin (D:2)
  44 gnolls
  4 adders
  An adder zombie (D:2)
  2 adder skeletons
  3 dart slugs
  4 leopard geckos
  23 orcs
  8 bats
  4 giant cockroaches
  54 goblins
  29 hobgoblins
  31 jackals
  3 quokkas
  7 frilled lizards
  10 kobolds
  A quokka skeleton (D:6)
  8 rats
  A bush (D:6)
284 creatures vanquished.

Vanquished Creatures (others)
  A howler monkey skeleton (D:7)
1 creature vanquished.

Grand Total: 285 creatures vanquished

Notes
Turn   | Place    | Note
-------+----------+-------------------------------------------
     0 | D:1      | troglodite the Demonspawn Berserker began the quest for the Orb.
     0 | D:1      | Reached XP level 1. HP: 18/18 MP: 1/1
   125 | D:1      | Gained mutation: You sometimes gain a little power by taking damage. [demonic ancestry]
   125 | D:1      | Reached XP level 2. HP: 14/24 MP: 2/2
   573 | D:1      | Reached ** piety under Trog
   656 | D:1      | Reached XP level 3. HP: 26/29 MP: 3/3
   843 | D:2      | Noticed Robin
   859 | D:2      | Killed Robin
  1131 | D:2      | Noticed Terence
  1138 | D:2      | Killed Terence
  1138 | D:2      | Gained mutation: Your flesh is heat resistant. (rF+) [demonic ancestry]
  1138 | D:2      | Reached XP level 4. HP: 37/37 MP: 4/4
  1284 | D:2      | Found an iron altar of Okawaru.
  1895 | D:2      | Found a hazy altar of Hepliaklqana.
  2074 | D:3      | Reached *** piety under Trog
  2074 | D:3      | Gained mutation: You have a pair of small antennae on your head. [demonic ancestry]
  2074 | D:3      | Reached XP level 5. HP: 42/42 MP: 5/5
  2230 | D:3      | Reached skill level 1 in Shields
  2251 | D:3      | Reached skill level 1 in Short Blades
  2352 | D:3      | Found a burning altar of Makhleb.
  2354 | D:3      | Noticed a blizzard demon
  2471 | D:3      | Gained mutation: You sometimes gain power by taking damage. [demonic ancestry]
  2471 | D:3      | Reached XP level 6. HP: 42/48 MP: 6/6
  2484 | D:3      | Reached skill level 2 in Shields
  2765 | D:3      | Reached **** piety under Trog
  3034 | D:3      | Reached skill level 3 in Shields
  3034 | D:3      | Gained mutation: You are immune to clouds of flame. [demonic ancestry]
  3034 | D:3      | Reached XP level 7. HP: 52/55 MP: 7/7
  3524 | D:4      | Found a stormy altar of Qazlal.
  3737 | D:4      | Paralysed by a goblin for 4 turns
  3748 | D:4      | Reached ***** piety under Trog
  3748 | D:4      | Reached skill level 4 in Shields
  4120 | D:4      | Received a gift from Trog
  4159 | D:4      | Gained mutation: You are partially covered in slimy green scales. (AC +2) [demonic ancestry]
  4159 | D:4      | Reached XP level 8. HP: 61/61 MP: 8/8
  4172 | D:4      | Reached skill level 5 in Shields
  5178 | D:5      | Entered Level 5 of the Dungeon
  5352 | D:5      | Reached skill level 5 in Fighting
  5486 | D:5      | Found Rufeon's Antique Armour Shop.
  5498 | D:5      | Bought a pitted chain mail for 180 gold pieces
  5508 | D:5      | Identified the cursed +1 chain mail of Loss {rF- rC+ Str+3 Dex+4} (You bought it in a shop on level 5 of the Dungeon)
  5610 | D:5      | Found Zin's Purification Station.
  5616 | D:5      | Found a glowing silver altar of Zin.
  5894 | D:5      | Found a deep blue altar of Sif Muna.
  6050 | D:6      | Received a gift from Trog
  6106 | D:6      | Found a shadowy altar of Dithmenos.
  6111 | D:6      | Reached skill level 6 in Shields
  6212 | D:6      | Found an ancient bone altar of Kikubaaqudgha.
  6245 | D:6      | Gained mutation: You have a pair of antennae on your head. [demonic ancestry]
  6245 | D:6      | Reached XP level 9. HP: 68/68 MP: 9/9
  6294 | D:6      | Noticed Menkaure
  6306 | D:6      | Killed Menkaure
  6655 | D:6      | Noticed Blork the orc
  6665 | D:6      | Killed Blork the orc
  6679 | D:6      | Found a staircase to the Ecumenical Temple.
  6741 | D:6      | Found a blossoming altar of Fedhas.
  7013 | D:6      | Reached skill level 5 in Armour
  7164 | D:7      | Noticed Pikel
  7184 | D:7      | Killed Pikel
  7184 | D:7      | Reached skill level 7 in Shields
  7315 | D:7      | Found Qine's General Store.
  7318 | D:7      | Found a glowing golden altar of the Shining One.
  7422 | D:5      | Bought a heavily runed ring mail for 171 gold pieces
  7433 | D:5      | Identified the +1 ring mail "Rukobapn" {rElec Str+2} (You bought it in a shop on level 5 of the Dungeon)
  7701 | D:7      | Reached skill level 5 in Dodging
  7707 | D:7      | Noticed a troll
  7720 | D:7      | Noticed a gargoyle
  7722 | D:7      | Killed a troll
  7731 | D:7      | Reached skill level 5 in Short Blades
  7742 | D:7      | Slain by a gargoyle

Skill      XL: |  1  2  3  4  5  6  7  8  9 |
---------------+----------------------------+-----
Long Blades    | 3 |  3.6
Dodging        | 2 3 4 5 |  5.3
Armour         | 2 3 4 5 |  5.5
Fighting       | 4 5 |  5.9
Shields        | 1 3 4 6 7 |  7.8
Short Blades   | 1 2 3 5 |  5.0
Stealth        | |  0.1

Action                   |  1- 3 |  4- 6 |  7- 9 || total
-------------------------+-------+-------+-------++-------
Melee: Falchion          |   104 |       |       ||   104
       Dagger            |     3 |   290 |   689 ||   982
Invok: Berserk           |     2 |     3 |    10 ||    15
       Burn Spellbooks   |       |       |     2 ||     2
  Use: Scroll            |       |     2 |     7 ||     9
  Eat: Chunk             |     2 |     9 |    22 ||    33
       Ration            |       |       |     1 ||     1
Armor: Animal skin       |     7 |       |       ||     7
       Ring mail         |    22 |       |    28 ||    50
       Chain mail        |       |   155 |   281 ||   436
Dodge: Dodged            |    63 |    32 |   151 ||   246
Block: Large shield      |       |   193 |   615 ||   808
       Rpst.: Falchion   |    17 |       |       ||    17
